Map: [ESL] Hecate

Players

SHIN

  • Race: Zerg Zerg
  • Spawn Location: 7:00

Lambo - Winner!

  • Race: Zerg Zerg
  • Spawn Location: 1:00

Event: ESL SC2 Masters 2023 Winter (Finals)

VOD

Have the link to the VOD?

Description

Time

  • Played on: Dec. 16, 2023, 11:36 a.m.
  • Length: 12:22

All games in this series

Show
View Real Time Build Order
Export as new Build Order

SHIN Zerg 

Build Orders: Hatch First 

Get SALT Encoding   

  12  0:00  Drone  
  13  0:12  Overlord  
  13  0:17  Drone  
  14  0:30  Drone x2  
  16  0:47  Hatchery  
  15  0:51  Drone  
  15  0:54  Drone  
  17  0:58  Drone  
  18  1:08  Extractor  
  17  1:13  Spawning Pool  
  17  1:15  Drone  
  17  1:19  Drone  
  18  1:28  Drone  
  19  1:38  Drone  
  20  1:49  Drone  
  21  2:00  Queen x2  
  21  2:01  Zergling x2, Overlord  
  26  2:09  Metabolic Boost  
  26  2:10  Drone x2  
  28  2:21  Drone x2  
  30  2:31  Drone  
  30  2:32  Drone  
  32  2:39  Hatchery  
  31  2:44  Drone x2  
  31  2:48  Baneling Nest  
  32  2:52  Overlord  
  32  2:56  Drone  
  33  3:05  Zergling x4  
  34  3:11  Zergling x12  
  40  3:16  Queen  
  42  3:20  Overlord  
  42  3:23  Zergling x2  
  43  3:35  Baneling x2  
  43  3:36  Roach Warren  
  43  3:37  Drone  
  43  3:41  Drone x4  
  47  3:45  Drone x2  
  49  3:50  Drone  
  49  3:51  Drone  
  49  3:52  Drone  
  50  3:59  Drone x2  
  50  4:00  Drone  
  53  4:03  Overlord  
  52  4:13  Overlord  
  52  4:14  Extractor  
  52  4:16  Roach x3  
  56  4:24  Zergling x10  
  57  4:33  Drone x2  
  57  4:36  Drone  
  57  4:37  Drone  
  57  4:38  Drone  
  60  4:39  Drone  
  60  4:40  Drone  
  60  4:42  Drone x3  
  60  4:43  Ravager  
  60  4:44  Drone  
  67  4:49  Drone x4  
  67  4:50  Drone  
  71  4:53  Evolution Chamber  
  71  4:57  Lair  
  70  5:00  Roach  
  70  5:04  Extractor x2, Roach  
  70  5:05  Roach  
  74  5:08  Overlord  
  74  5:11  Overlord  
  74  5:16  Overlord  
  74  5:21  Overlord  
  74  5:24  Overlord  
  74  5:27  Roach x2  
  74  5:28  Roach x2  
  81  5:32  Drone x5  
  81  5:33  Drone  
  87  5:37  Zerg Missile Weapons Level 1  
  87  5:40  Drone x2  
  89  5:43  Drone  
  89  5:48  Extractor, Drone x3  
  89  5:49  Drone  
  93  5:51  Roach x2  
  93  5:52  Roach  
  93  5:53  Drone  
  93  5:54  Drone  
  101  6:00  Spire  
  101  6:02  Extractor  
  101  6:03  Drone x3  
  102  6:05  Glial Reconstitution  
  102  6:08  Overlord  
  102  6:10  Roach  
  104  6:12  Overlord  
  104  6:17  Roach x2  
  108  6:19  Overseer  
  108  6:21  Drone  
  108  6:23  Roach x2, Overlord  
  113  6:32  Hatchery  
  112  6:34  Roach x2  
  112  6:38  Roach x2  
  112  6:39  Roach  
  122  6:41  Overlord  
  122  6:44  Roach x2  
  126  6:52  Roach x4  
  134  6:59  Roach x2  
  134  7:00  Roach x3  
  144  7:01  Overlord  
  144  7:05  Overlord  
  143  7:09  Overlord  
  143  7:20  Mutalisk x5  
  149  7:27  Drone x3  
  149  7:28  Drone x4  
  154  7:30  Drone  
  154  7:34  Zerg Missile Weapons Level 2  
  154  7:36  Drone  
  156  7:37  Drone  
  156  7:38  Drone  
  156  7:40  Drone  
  156  7:41  Drone  
  162  7:44  Roach  
  162  7:47  Drone x2  
  162  7:48  Drone x2  
  162  7:50  Queen  
  167  7:54  Tunneling Claws  
  167  7:55  Burrow  
  166  7:58  Overlord  
  166  8:00  Roach x2  
  166  8:03  Extractor  
  166  8:05  Overlord  
  169  8:10  Overlord  
  173  8:13  Roach x3  
  173  8:17  Overlord  
  173  8:19  Roach x4  
  183  8:22  Ravager  
  183  8:23  Ravager x4  
  183  8:25  Overlord  
  188  8:28  Overseer  
  188  8:31  Roach x3  
  188  8:32  Roach  
  196  8:40  Roach x3  
  196  8:52  Infestation Pit  
  196  8:53  Roach x5  
  193  8:57  Roach x6  
  198  9:06  Spine Crawler  
  198  9:07  Roach  
  199  9:13  Roach x6  
  199  9:14  Roach x2  
  199  9:15  Overlord  
  199  9:20  Overlord  
  199  9:27  Roach  
  193  9:35  Roach x5  
  197  9:39  Roach  
  197  9:40  Roach  
  197  9:42  Hive  
  199  9:47  Roach  
  199  9:48  Roach  
  199  9:52  Zerg Ground Armor Level 1  
  197  9:55  Roach x3  
  197  9:58  Roach x2  
  199  10:02  Extractor, Hydralisk Den  
  199  10:04  Overlord  
  199  10:06  Roach x6  
  199  10:18  Overlord x4  
  199  10:27  Overlord  
  197  10:32  Roach  
  197  10:33  Roach x4  
  197  10:35  Roach x7  
  191  10:36  Roach x8  
  191  10:37  Roach  
  191  10:39  Roach  
  191  10:41  Roach x3  
  165  10:46  Roach  
  165  10:49  Roach x3  
  144  10:57  Roach x2  
  144  10:58  Roach x2  
  144  11:01  Ravager  
  144  11:02  Ravager x8  
  161  11:08  Roach  
  161  11:10  Roach x3  
  163  11:17  Queen  
  167  11:18  Roach  
  160  11:26  Roach x3  
  160  11:30  Roach x2  
  140  11:34  Roach x2  
  98  11:40  Roach x4  
  98  11:41  Roach  
  98  11:42  Roach x2  
  98  11:45  Roach x3  
  109  11:51  Roach  
Show
View Real Time Build Order
Export as new Build Order

Lambo Zerg - Winner!

Build Orders: Hatch First, Roach Hydra 

Get SALT Encoding   

  12  0:00  Drone  
  13  0:12  Overlord  
  13  0:16  Drone  
  14  0:30  Drone x2  
  16  0:47  Hatchery  
  15  0:51  Drone  
  15  0:54  Drone  
  18  0:57  Drone  
  18  1:08  Extractor  
  17  1:13  Spawning Pool  
  17  1:16  Drone  
  17  1:19  Drone  
  18  1:27  Drone  
  19  1:38  Drone  
  20  1:50  Drone  
  21  1:59  Queen x2  
  21  2:00  Zergling x2  
  21  2:01  Overlord  
  26  2:08  Metabolic Boost  
  26  2:10  Drone x2  
  28  2:21  Drone x2  
  30  2:31  Drone  
  30  2:32  Zergling x2  
  32  2:38  Hatchery  
  32  2:42  Drone  
  32  2:45  Baneling Nest  
  32  2:50  Overlord  
  31  2:54  Drone  
  31  2:58  Zergling x2  
  33  3:06  Zergling x2  
  33  3:08  Drone x2  
  33  3:09  Zergling x4  
  33  3:11  Drone x2  
  33  3:12  Zergling x2  
  41  3:19  Drone  
  42  3:20  Overlord  
  42  3:24  Queen  
  44  3:28  Baneling  
  44  3:35  Baneling x2  
  44  3:41  Zergling x8, Roach Warren  
  47  3:44  Extractor  
  47  3:47  Zergling x4  
  48  3:50  Zergling x4  
  48  3:52  Drone  
  48  3:54  Drone  
  51  4:01  Drone x3  
  54  4:08  Drone x2  
  55  4:11  Drone x2  
  55  4:15  Overlord  
  57  4:27  Overlord  
  55  4:31  Drone x3, Overlord  
  55  4:37  Roach x4  
  62  4:47  Roach x6  
  77  4:52  Roach  
  77  4:53  Roach  
  77  4:55  Drone x2  
  77  4:58  Drone x2  
  81  5:02  Extractor  
  81  5:03  Drone  
  81  5:06  Overlord  
  80  5:09  Overlord  
  80  5:14  Drone  
  80  5:15  Drone  
  82  5:23  Overlord  
  82  5:24  Lair  
  82  5:25  Drone x4  
  82  5:26  Drone, Evolution Chamber  
  82  5:28  Extractor, Drone  
  86  5:29  Drone  
  86  5:32  Roach  
  89  5:37  Roach x2  
  89  5:42  Drone  
  94  5:49  Drone, Overlord  
  95  5:50  Roach  
  95  5:51  Roach x3  
  95  5:52  Overlord  
  95  5:54  Drone  
  95  5:56  Zerg Missile Weapons Level 1  
  95  5:57  Drone  
  104  5:59  Drone  
  104  6:03  Drone  
  104  6:04  Pneumatized Carapace  
  106  6:06  Overlord  
  106  6:07  Extractor  
  106  6:09  Extractor, Drone x2  
  106  6:10  Drone  
  107  6:12  Overlord  
  107  6:17  Drone  
  107  6:18  Drone x3  
  111  6:20  Drone  
  111  6:22  Overseer  
  112  6:26  Baneling  
  112  6:27  Baneling  
  112  6:29  Glial Reconstitution  
  112  6:30  Drone x4  
  116  6:35  Roach x3  
  116  6:38  Overlord  
  122  6:46  Evolution Chamber  
  121  6:49  Roach  
  121  6:50  Roach  
  121  6:52  Overlord  
  125  6:55  Roach x2  
  125  7:00  Roach x2  
  125  7:01  Roach  
  135  7:04  Drone x2  
  136  7:08  Drone x2  
  136  7:10  Roach x4, Hydralisk Den  
  147  7:15  Roach  
  147  7:16  Roach  
  147  7:21  Roach x3  
  153  7:30  Zerg Ground Armor Level 1  
  153  7:31  Overlord, Hatchery  
  153  7:32  Overlord  
  153  7:33  Overlord  
  152  7:43  Spore Crawler, Grooved Spines  
  151  7:45  Spore Crawler, Overlord  
  151  7:46  Spore Crawler, Overlord  
  151  7:49  Overlord  
  147  7:54  Hydralisk x4  
  147  7:56  Drone  
  147  7:57  Hydralisk  
  158  8:00  Roach x2  
  158  8:01  Drone  
  158  8:04  Hydralisk  
  165  8:05  Ravager  
  165  8:06  Ravager x2  
  170  8:13  Roach x5  
  170  8:16  Zerg Missile Weapons Level 2  
  170  8:18  Overseer  
  178  8:23  Overlord x2  
  178  8:24  Overlord  
  178  8:33  Muscular Augments  
  178  8:35  Overlord  
  178  8:40  Overlord  
  178  8:43  Overlord  
  178  8:44  Roach x6  
  190  8:50  Roach  
  190  8:51  Roach x3  
  198  9:03  Ravager  
  198  9:04  Ravager  
  200  9:14  Hatchery  
  199  9:22  Overseer  
  199  9:23  Overseer x2  
  196  9:38  Hydralisk x7  
  197  9:50  Hydralisk  
  197  9:51  Hydralisk  
  199  9:59  Spine Crawler  
  197  10:00  Spine Crawler  
  197  10:01  Spine Crawler  
  195  10:10  Hydralisk x2  
  191  10:30  Roach x5  
  172  10:37  Roach x16  
  172  10:39  Hatchery  
  172  10:40  Roach  
  170  10:53  Roach x3  
  166  11:00  Roach x2  
  166  11:01  Queen x2  
  170  11:04  Roach  
  170  11:05  Ravager x2  
  170  11:11  Roach x2  
  178  11:13  Roach  
  178  11:15  Queen  
  180  11:27  Roach x3  
  162  11:36  Roach x5  
  154  11:46  Roach x3  
  160  11:58  Roach  
  160  11:59  Roach x6  
Tags
 
Add a new tag
Caveats
  • Supply blocks, unpowered buildings, or Contaminate may cause inaccurate times.
  • Supply counts are checked every 10 seconds.